 Dungeon Sprint DCSS version 0.29-a0-878-g7b45a56547 (webtiles) character file.

Game seed: 13490244266499082700

2063 tatocazan the Spear-Bearer (level 9, -4/79 HPs)
             Began as a Formicid Fighter on July 19, 2022.
             Was an Elder of Okawaru.
             Slain by a meliai
             ... wielding a +0 war axe
              (8 damage)
             ... in the Dungeon (Sprint IX: "|||||||||||||||||||||||||||||").
             The game lasted 00:01:36 (809 turns).

tatocazan the Spear-Bearer (Formicid Fighter)        Turns: 809, Time: 00:01:37

Health: -4/79      AC:  9    Str: 25    XL:     9   Next: 50%
Magic:  9/9        EV:  5    Int:  8    God:    Okawaru [****..]
Gold:   0          SH:  7    Dex: 13    Spells: 8/8 levels left

rFire   . . .      SeeInvis +   j - +2 halberd (venom)
rCold   . . .      Faith    .   c - +0 buckler
rNeg    . . .      Spirit   .   k - +1 scale mail
rPois   .          Reflect  .   (helmet unavailable)
rElec   .          Harm     .   (no cloak)
rCorr   .          Rampage  .   (no gloves)
Will    .....                   (no boots)
Stlth   ..........              (no amulet)
HPRegen 0.23/turn               (no ring)
MPRegen 0.11/turn               (no ring)

@: lethally poisoned (-4 -> -14), petrifying, very slow
A: permanent stasis, dig shafts and tunnels, antennae 3, four strong arms
a: Dig, Renounce Religion, Heroism, Finesse


You were in the Dungeon.
You worshipped Okawaru.
Okawaru was greatly pleased with you.
You visited 1 branch

Inventory:

Hand Weapons
 a - a +0 trident
 j - a +2 halberd of venom (weapon)
Armour
 b - a +0 scale mail
 c - a +0 buckler (worn)
 k - a +1 scale mail (worn)
Jewellery
 l - a +3 ring of intelligence
 m - a +3 ring of dexterity
Wands
 i - a wand of iceblast (10)
Scrolls
 h - 2 scrolls of amnesia
Potions
 d - a potion of invisibility
 e - 5 potions of curing
 g - 4 potions of magic


   Skills:
 + Level 10.6 Fighting
 * Level 13.1 Polearms
 + Level 10.6 Armour
 + Level 12.6 Shields


You had 8 spell levels left.
You didn't know any spells.
Your spell library was empty.

Dungeon Overview and Level Annotations

Branches:
Dungeon (1/1)

Altars:
Cheibriados
Dithmenos
Elyvilon
Fedhas
Gozag
Hepliaklqana
Kikubaaqudgha
Makhleb
Nemelex Xobeh
Okawaru
Qazlal
Ru
Sif Muna
Trog
Uskayaw
Vehumet
Wu Jian
Xom
Yredelemnul
Zin
The Shining One
Jiyva
Lugonu


Innate Abilities, Weirdness & Mutations

You cannot be hasted, slowed, berserked, paralysed or teleported.
You can dig through walls and to a lower floor.
You have a pair of large antennae on your head. (SInv)
Your four strong arms can wield two-handed weapons with a shield.


Message History

The blast of calcifying dust hits you but does no damage.
The blast of calcifying dust hits the boulder beetle but does no damage.
The boulder beetle is engulfed in calcifying dust.
You slash the catoblepas!
You kill the catoblepas!
Okawaru is honoured by your kill.
You can now speed up your combat.
You are engulfed in calcifying dust.
The meliai closely misses you. You block the meliai's attack.
The boulder beetle is engulfed in calcifying dust.
Your Polearms skill increases to level 13!
Your Shields skill increases to level 12!
You closely miss the meliai.
You are engulfed in calcifying dust.
The meliai hits you with a +0 war axe.
* * * LOW HITPOINT WARNING * * *
You block the meliai's attack.
The orange demon stings you but does no damage.
The meliai closely misses you. The meliai barely misses you.
You take 2 damage, and have 14/79 hp.
You hit the meliai.
The meliai is poisoned.
The meliai is moderately wounded.
You are engulfed in calcifying dust.
You are slowing down.
The orange demon disappears in a puff of smoke!
The meliai hits you with a +0 war axe.
* * * LOW HITPOINT WARNING * * *
You block the meliai's attack.
The kobold demonologist casts a spell.
You block the meliai's attack. The meliai stings you.
* * * LOW HITPOINT WARNING * * *
You are lethally poisoned!
The meliai poisons you!
You take 8 damage, and have 6/79 hp.
You closely miss the meliai.
The meliai is moderately wounded.
You are engulfed in calcifying dust.
* * * LOW HITPOINT WARNING * * *
You feel very sick.
The boulder beetle is no longer petrified.
The meliai hits you with a +0 war axe!
You die... ▓▓▓▓▓▓▓▓▓▓▓▓▓▓▓▓▓▓▓▓▓▓▓▓ ..cCK4y@B...§)...[[.)?.' ▓▓▓▓▓▓▓▓▓▓▓▓▓▓▓▓▓▓▓▓▓▓▓▓ {{{{{{{{ {

You could see a boulder beetle, a centaur warrior, an orange demon (summoned), a cyclops, a kobold demonologist and a meliai (very poisoned).

Vanquished Creatures
  A catoblepas (D)
  A two-headed ogre (D)
  A shadow (D)
  2 yaks (D)
  An acid dragon (D)
  A centaur (D)
  An ogre (D)
  A phantom (D)
  A necrophage (D)
  A jelly (D)
  An orc (D)
  3 ball pythons (D)
  A hobgoblin (D)
  A bat (D)
17 creatures vanquished.

Notes
Turn   | Place    | Note
-------+----------+-------------------------------------------
     0 | D        | tatocazan the Formicid Fighter began the quest for the Orb.
     0 | D        | Reached XP level 1. HP: 18/18 MP: 1/1
   191 | D        | Noticed a phantom
   191 | D        | Noticed a jelly
   191 | D        | Noticed a necrophage
   191 | D        | Noticed an ogre
   195 | D        | Killed an ogre
   196 | D        | Reached skill level 5 in Fighting
   196 | D        | Reached skill level 5 in Polearms
   196 | D        | Reached skill level 5 in Armour
   196 | D        | Reached XP level 2. HP: 14/27 MP: 2/2
   196 | D        | Reached XP level 3. HP: 18/33 MP: 3/3
   196 | D        | Reached XP level 4. HP: 21/39 MP: 4/4
   198 | D        | Killed a necrophage
   199 | D        | Reached skill level 6 in Polearms
   199 | D        | Reached XP level 5. HP: 25/46 MP: 5/5
   202 | D        | Reached skill level 7 in Polearms
   207 | D        | Killed a phantom
   208 | D        | Reached skill level 8 in Polearms
   208 | D        | Reached XP level 6. HP: 27/53 MP: 6/6
   312 | D        | Found a snail-covered altar of Cheibriados.
   312 | D        | Found a shadowy altar of Dithmenos.
   312 | D        | Found a white marble altar of Elyvilon.
   312 | D        | Found a blossoming altar of Fedhas.
   312 | D        | Found an opulent altar of Gozag.
   313 | D        | Found a hazy altar of Hepliaklqana.
   314 | D        | Found a viscous altar of Jiyva.
   315 | D        | Found an ancient bone altar of Kikubaaqudgha.
   316 | D        | Found a corrupted altar of Lugonu.
   317 | D        | Found a burning altar of Makhleb.
   318 | D        | Found a sparkling altar of Nemelex Xobeh.
   319 | D        | Found an iron altar of Okawaru.
   320 | D        | Found a stormy altar of Qazlal.
   321 | D        | Found a sacrificial altar of Ru.
   322 | D        | Found a shimmering blue altar of Sif Muna.
   323 | D        | Found a bloodstained altar of Trog.
   324 | D        | Found a hide-covered altar of Uskayaw.
   325 | D        | Found a radiant altar of Vehumet.
   326 | D        | Found an ornate altar of the Wu Jian Council.
   327 | D        | Became a worshipper of Warmaster Okawaru
   328 | D        | Found a shimmering altar of Xom.
   329 | D        | Found a basalt altar of Yredelemnul.
   330 | D        | Found a glowing silver altar of Zin.
   331 | D        | Found a glowing golden altar of the Shining One.
   448 | D        | Noticed an acid dragon
   448 | D        | Noticed a yak
   448 | D        | Noticed a two-headed ogre
   448 | D        | Noticed a shadow
   448 | D        | Noticed a yak
   456 | D        | Killed a yak
   456 | D        | Reached * piety under Okawaru
   457 | D        | Reached skill level 9 in Polearms
   457 | D        | Reached XP level 7. HP: 53/62 MP: 7/7
   460 | D        | Killed a shadow
   461 | D        | Reached skill level 10 in Polearms
   461 | D        | Reached skill level 10 in Shields
   469 | D        | Killed a two-headed ogre
   469 | D        | Reached ** piety under Okawaru
   469 | D        | Reached *** piety under Okawaru
   470 | D        | Reached skill level 11 in Polearms
   470 | D        | Reached XP level 8. HP: 16/71 MP: 8/8
   476 | D        | Killed a yak
   477 | D        | Reached skill level 12 in Polearms
   484 | D        | Reached skill level 10 in Fighting
   484 | D        | Reached skill level 10 in Armour
   484 | D        | Reached XP level 9. HP: 7/78 MP: 9/9
   790 | D        | Noticed a centaur warrior
   790 | D        | Noticed a cyclops
   790 | D        | Noticed a kobold demonologist
   790 | D        | Noticed a meliai
   790 | D        | Noticed a boulder beetle
   790 | D        | Noticed a catoblepas
   795 | D        | Noticed an orange demon
   806 | D        | Killed a catoblepas
   806 | D        | Reached **** piety under Okawaru
   807 | D        | Reached skill level 13 in Polearms
   809 | D        | Noticed an orange demon
   809 | D        | Slain by a meliai

Illustrated notes

Levels and vault maps discovered:
D:        linesprint [early_d, line_temple, items_1, d_10, items_2, lair_1,
          lair_end, items_3, orc_1, orc_end, items_4, d_15, swamp_1, shoals_1,
          snake_1, spider_1, d_20, vaults_1, items_5, swamp_end, shoals_end,
          snake_end, spider_end, vaults_end, d_27, items_6, zot_1, zot_end,
          crypt_end, forest_end, elf_end, slime_end, tomb_end, abyss_end,
          pan_hell_end]

Skill      XL: |  1  2  3  4  5  6  7  8  9 |
---------------+----------------------------+-----
Fighting       | 5 6 8 9 10 | 10.6
Polearms       | 5 6 8 9 11 12 13 | 13.1
Armour         | 5 6 7 9 10 | 10.6
Shields        | 6 7 8 9 11 12 | 12.6

Action                   |  1- 3 |  4- 6 |  7- 9 || total
-------------------------+-------+-------+-------++-------
Melee: Trident           |    24 |    12 |       ||    36
       Halberd           |       |     8 |    34 ||    42
  Use: Potion            |     1 |       |     3 ||     4
Armor: Scale mail        |     9 |     4 |    10 ||    23
Dodge: Dodged            |    10 |    12 |    12 ||    34
Block: Buckler           |     6 |     2 |    11 ||    19

Table legend: (Time is in decaauts)
 A = Elapsed time spent in this place.
 B = Non-inter-level travel time spent in this place.
 C = Inter-level travel time spent in this place.
 D = Time resting spent in this place.
 E = Time spent auto-exploring this place.
 F = Levels seen in this place.
 G = Mean time per level.
                   A        B        C        D        E       F      G
               +--------+--------+--------+--------+--------+-----+--------+
         Total |    813 |    813 |      0 |    638 |      2 |   1 |  813.0 |
       Dungeon |    813 |    813 |      0 |    638 |      2 |   1 |  813.0 |
               +--------+--------+--------+--------+--------+-----+--------+

Top non-repeatable levels by time:
       D: 813 daAuts
